 Dungeon Crawl Stone Soup version bcrawl-1.36.3 (webtiles) character file.

Game seed: 11830418855972364625

485352 yrara the Severer (level 12, -36/100 HPs)
             Began as a Demonspawn Fighter on June 20, 2022.
             Was an Initiate of Gozag.
             Annihilated by a white very ugly thing (47 damage)
             ... on level 10 of the Dungeon.
             The game lasted 00:13:29 (11929 turns).

yrara the Severer (Demonspawn Fighter)             Turns: 11929, Time: 00:13:30

Health: -36/100    AC: 28    Str: 19    XL:     12   Next: 81%
Magic:  12/12      EV:  7    Int: 13    God:    Gozag
Gold:   697        SH:  0    Dex: 21    Spells: 11/11 levels left

rFire    . . .     SeeInvis .   a - +5 executioner's axe "Ipaanayq" {freeze, Int+4}
rCold    . . .     Gourm    .   (shield currently unavailable)
rNeg     . . .     Faith    .   O - +3 crystal plate armour
rPois    .         Spirit   .   x - +1 hat
rElec    +         Reflect  .   r - +0 cloak
rCorr    .                      q - +2 pair of gloves
MR       .....                  (no boots)
Stlth    ..........             w - amulet of the acrobat
HPRegen  0.26/turn              N - ring of insulation
MPRegen  0.13/turn              p - ring of stealth

@: agile
A: hooves 2, icy blue scales 1, blurry vision 1, powered by pain 2, robust 1,
evolution 1
a: Potion Petition, Call Merchant, Bribe Branch, Renounce Religion


You were on level 10 of the Dungeon.
You worshipped Gozag.
Gozag was pleased with you.
You were not hungry.

You visited 3 branches of the dungeon, and saw 12 of its levels.
You also visited: Ossuary.

You collected 2841 gold pieces.
You spent 1992 gold pieces at shops.
You paid 152 gold pieces to Gozag.

Inventory:

Hand Weapons
 a - the +5 executioner's axe "Ipaanayq" (weapon) {freeze, Int+4}
   (You acquired it on level 6 of the Dungeon)

   It has been specially enchanted to freeze those struck by it, increasing
   damage dealt by approximately one third against foes not resistant or
   susceptible to cold, and potentially slowing cold-blooded foes.
   It affects your intelligence (+4).
 t - a cursed +0 longbow
 v - a +1 battleaxe
 z - a +1 flail of draining
 D - a +0 shortbow
Missiles
 j - 3005 arrows
 u - 3 throwing nets {=f}
Armour
 c - a +0 medium shield
 q - a +2 pair of gloves (worn)
 r - a +0 cloak (worn)
 x - a +1 hat (worn)
 O - a +3 crystal plate armour (worn)
Jewellery
 p - a ring of stealth (right hand)
 w - an amulet of the acrobat (around neck)
 B - an uncursed ring of ice
 G - an uncursed ring of wizardry {unknown}
 N - a ring of insulation (left hand)
Wands
 f - a wand of digging (9)
 o - a wand of flame (58)
 y - a wand of random effects (15)
 E - a wand of disintegration (15)
 F - a wand of polymorph (7)
 L - a wand of charming (14)
 M - a wand of acid (5)
Scrolls
 h - 2 scrolls of fog
 i - 4 scrolls of identify
 l - 10 scrolls of remove curse
 m - a scroll of silence
 s - 5 scrolls of teleportation
 A - 2 scrolls of blinking
 I - a scroll of enchant weapon
 J - 2 scrolls of amnesia
 K - 2 scrolls of vulnerability
 Q - 4 scrolls of magic mapping
Potions
 b - 2 potions of haste
 d - 3 potions of might
 g - a potion of flight
 k - 3 potions of heal wounds
 n - a potion of brilliance
 C - 4 potions of agility
 H - 5 potions of curing
Miscellaneous
 P - a sack of spiders
Comestibles
 e - 19 rations {!d}


   Skills:
 - Level 7.4 Fighting
 + Level 16.5 Axes
 - Level 6.8 Armour
 - Level 2.6 Shields


You had 11 spell levels left.
You didn't know any spells.
Your spell library contained the following spells:

 Spells                   Type           Power        Failure   Level  Hunger
 Sting                    Conj/Pois      #...         100%        1    None
 Poisonous Vapours        Pois/Air       #.....       100%        2    ####...
 Ignite Poison            Fire/Tmut/Pois #.......     100%        3    #####..
 Olgreb's Toxic Radiance  Pois           #........    100%        4    ######.
 Summon Scorpions         Summ/Pois      #.......     100%        4    ######.
 Bolt of Magma            Conj/Fire/Erth #.........   100%        5    #######
 Fireball                 Conj/Fire      #.........   100%        5    #######
 Venom Bolt               Conj/Pois      #.........   100%        5    #######
 Bolt of Fire             Conj/Fire      #.........   100%        6    #######
 Steam Barrier            Chrm/Fire      #.........   100%        6    #######
 Ignition                 Fire           #.........   100%        8    #######


Dungeon Overview and Level Annotations

Branches:
Dungeon (10/12)            Temple (1/1) D:6            Lair (1/6) D:7
    Orc: D:8-11

Altars:
Ashenzari
Cheibriados
Dithmenos
Elyvilon
Fedhas
Gozag
Hepliaklqana
Kikubaaqudgha
Lugonu
Makhleb
Nemelex Xobeh
Okawaru
Qazlal
Ru
Sif Muna
Trog
Uskayaw
Vehumet
Wu Jian
Xom
Yredelemnul
Zin
The Shining One

Shops:
D:6 [   D:8 *?(((   D:10 (

Annotations:
D:6 exclusion: downstairs


Innate Abilities, Weirdness & Mutations

You have hoof-like feet.
You sometimes gain power by taking damage.
You are partially covered in icy blue scales. (AC +2)
Scrolls take you a little longer to read.
You are robust. (+10% HP)
You evolve.


Message History

You slash the plant! You freeze the plant.
You destroy the plant!
Your crystal plate armour prevents you from hitting the white very ugly thing.
You kick the white very ugly thing!
The white very ugly thing is lightly wounded.
You hit the white very ugly thing but do no damage.
The white very ugly thing is lightly wounded.
The white very ugly thing tentacle-slaps you.
The white very ugly thing freezes you!!!
* * * LOW HITPOINT WARNING * * *
You focus on the pain.
You feel more agile all of a sudden.
Your crystal plate armour prevents you from hitting the white very ugly thing.
You kick the white very ugly thing, but do no damage.
The white very ugly thing is lightly wounded.
The white very ugly thing tentacle-slaps you.
* * * LOW HITPOINT WARNING * * *
The white very ugly thing freezes you!!!
You die...
Your body crumbles into a pile of gold.

##.....## #.###
####.......###...####
#....................
#.#######.###.#.#####
#.#P...P#.#.##..#....
#.#.#'#%#...#.#.#.###
#.#o#?#.#.#####.'.#.'
#.#u###.#....##.#.###
#.#.@..P#..#....#....
#.###'###.#.#.#.#####
#.........#)#.#......
#..##.####..##.##..#.
#.####...##[#.#.#.###
#.......#####.#.#####
#.##.#.#.#...#(#.###.
#.#.#.####..#.#..#..#
#..........#.#...##..


You could see a white very ugly thing and an orc knight.

Vanquished Creatures
  3 hydras
  A two-headed ogre (D:10)
  Nergalle (D:9)
  3 centaur warriors
  The ghost of yrara the Cleaver, a novice DsFi of Gozag (D:6)
  A skeletal warrior (D:8)
  A cyclops (D:9)
  An ugly thing (D:10)
  A wolf spider (D:10)
  A cane toad (D:7)
  3 komodo dragons (Lair:1)
  4 trolls
  A hornet (D:7)
  Prince Ribbit (D:7)
  A slime creature (D:7)
  Sigmund (D:4)
  A shadow (D:10)
  5 yaks (D:9)
  A vampire mosquito (D:10)
  A steam dragon (D:10)
  A hungry ghost (D:7)
  Edmund (D:4)
  An acid dragon (D:8)
  A water moccasin (D:7)
  4 orc warriors
  5 phantoms
  A sky beast (D:7)
  5 ice beasts
  A black bear (D:9)
  A necrophage (D:3)
  2 ogres (D:8)
  3 wolves (D:7)
  5 big kobolds
  An elf zombie (Ossuary)
  5 bullfrogs
  Blork the orc (D:6)
  A gnoll sergeant (D:10)
  5 centaurs
  A wyvern skeleton (D:8)
  2 scorpions
  6 wights
  5 killer bees (D:9)
  2 electric eels (D:7)
  8 crimson imps
  2 quasits (D:10)
  7 hounds (D:7)
  4 jellies
  Crazy Yiuf (D:2)
  4 orc wizards
  A bullfrog skeleton (D:7)
  Terence (D:2)
  2 iguanas
  12 worker ants
  A bullfrog simulacrum (D:6)
  A big kobold zombie (Ossuary)
  A hound skeleton (D:8)
  3 mummies
  A worker ant zombie (D:8)
  A howler monkey zombie (D:8)
  A centaur zombie (Ossuary)
  8 gnolls
  11 adders
  A hound simulacrum (D:6)
  3 shadow imps
  3 white imps (D:6)
  3 oozes
  3 adder zombies
  An adder skeleton (D:5)
  3 worms
  2 dart slugs
  An adder simulacrum (D:6)
  10 leopard geckos
  21 orcs
  3 ball pythons (D:1)
  A giant cockroach (D:1)
  7 goblins
  11 hobgoblins
  10 jackals (D:3)
  4 quokkas
  6 bats
  A frilled lizard (D:3)
  16 hobgoblin zombies
  19 kobolds
  8 kobold zombies (Ossuary)
  9 orc zombies
  7 rats
  A rat zombie (Ossuary)
  A plant (D:10)
318 creatures vanquished.

Vanquished Creatures (others)
  2 butterflies (D:4)
  4 plants (D:10)
6 creatures vanquished.

Grand Total: 324 creatures vanquished

Notes
Turn   | Place    | Note
-------+----------+-------------------------------------------
     0 | D:1      | yrara the Demonspawn Fighter began the quest for the Orb.
     0 | D:1      | Reached XP level 1. HP: 18/18 MP: 1/1
   122 | D:1      | Reached skill level 2 in Axes
   188 | D:1      | Gained mutation: You have large cloven feet. [demonic
                  | ancestry]
   188 | D:1      | Reached XP level 2. HP: 24/24 MP: 2/2
   548 | D:1      | Gained mutation: You sometimes gain a little power by
                  | taking damage. [demonic ancestry]
   548 | D:1      | Reached XP level 3. HP: 17/29 MP: 3/3
  1024 | D:2      | Reached skill level 3 in Axes
  1110 | D:2      | Got a warped iron amulet
  1126 | D:2      | Identified the cursed amulet of Youthful Indiscretion
                  | {Inacc Int+2} (You found it on level 2 of the Dungeon)
  1156 | D:2      | Reached XP level 4. HP: 33/35 MP: 4/4
  1283 | D:2      | Found an iron altar of Okawaru.
  1612 | D:2      | Noticed Terence
  1642 | D:2      | Killed Terence
  1904 | D:2      | Found a runed door.
  2424 | D:2      | Noticed Crazy Yiuf
  2430 | D:2      | Killed Crazy Yiuf
  2431 | D:2      | Reached XP level 5. HP: 16/42 MP: 5/5
  2885 | D:3      | Reached skill level 4 in Axes
  2984 | D:3      | Noticed a necrophage
  2995 | D:3      | Killed a necrophage
  2996 | D:3      | Gained mutation: You sometimes gain power by taking damage.
                  | [demonic ancestry]
  2996 | D:3      | Reached XP level 6. HP: 47/48 MP: 6/6
  3873 | D:4      | Reached skill level 5 in Axes
  3992 | D:4      | Noticed Sigmund
  4000 | D:4      | Killed Sigmund
  4001 | D:4      | Gained mutation: You have hoof-like feet. [demonic
                  | ancestry]
  4001 | D:4      | Reached XP level 7. HP: 54/55 MP: 7/7
  4065 | D:4      | Found a shimmering altar of Xom.
  4166 | D:4      | Noticed Edmund
  4181 | D:4      | Killed Edmund
  4182 | D:4      | Reached skill level 5 in Fighting
  4391 | D:5      | Entered Level 5 of the Dungeon
  4424 | D:5      | Reached skill level 6 in Axes
  4433 | D:5      | Got a crude dagger
  4434 | D:5      | Identified the cursed +1 dagger of the Jester {flame, +Rage
                  | rPois Int-5 Dex-5} (You found it on level 5 of the Dungeon)
  4581 | D:5      | Reached skill level 5 in Armour
  4658 | D:5      | Reached XP level 8. HP: 29/63 MP: 8/8
  5349 | D:5      | Gained mutation: Your body sometimes deteriorates upon
                  | taking damage. [potion of mutation]
  5349 | D:5      | Gained mutation: You are agile. (Dex +2) [potion of
                  | mutation]
  5349 | D:5      | Gained mutation: You tend to lose your temper in combat.
                  | [potion of mutation]
  5349 | D:5      | Gained mutation: You are partially covered in icy blue
                  | scales. (AC +2) [potion of mutation]
  5350 | D:5      | Lost mutation: Your body sometimes deteriorates upon taking
                  | damage. [potion of mutation]
  5350 | D:5      | Lost mutation: You tend to lose your temper in combat.
                  | [potion of mutation]
  5350 | D:5      | Gained mutation: You are dopey. (Int -2) [potion of
                  | mutation]
  5350 | D:5      | Gained mutation: You expend magic power (3 MP) to
                  | strengthen your wands. [potion of mutation]
  5351 | D:5      | Lost mutation: You are dopey. (Int -2) [potion of mutation]
  5351 | D:5      | Lost mutation: You are agile. (Dex +2) [potion of mutation]
  5351 | D:5      | Lost mutation: You expend magic power (3 MP) to strengthen
                  | your wands. [potion of mutation]
  5351 | D:5      | Gained mutation: You evolve. [potion of mutation]
  5351 | D:5      | Gained mutation: Scrolls take you a little longer to read.
                  | [potion of mutation]
  5351 | D:5      | Gained mutation: You are robust. (+10% HP) [potion of
                  | mutation]
  5459 | D:6      | Noticed yrara's ghost (novice DsFi)
  5475 | D:6      | Noticed Blork the orc
  5485 | D:6      | Killed Blork the orc
  5615 | D:6      | Reached skill level 7 in Axes
  5630 | D:6      | Found Delevon's Antique Armour Boutique.
  5638 | D:6      | Found a runed translucent gate.
  5638 | D:6      | Found a runed translucent gate.
  5639 | D:6      | Found a runed translucent gate.
  5814 | D:6      | Found a staircase to the Ecumenical Temple.
  5815 | D:6      | Noticed a centaur warrior
  5828 | D:6      | Killed a centaur warrior
  5829 | D:6      | Reached XP level 9. HP: 52/78 MP: 9/9
  5830 | D:6      | Reached skill level 8 in Axes
  5845 | Temple   | Entered the Ecumenical Temple
  5972 | Temple   | Became a worshipper of Gozag Ym Sagoz the Greedy
  6489 | D:6      | Killed yrara's ghost
  6493 | D:6      | Reached skill level 9 in Axes
  6645 | D:6      | Identified a scroll of acquirement
  6645 | D:6      | Identified the +5 executioner's axe "Ipaanayq" {freeze,
                  | Int+4} (You acquired it on level 6 of the Dungeon)
  6645 | D:6      | Identified the ring of Qazlal's Reproof {rC+ MR- Int+2
                  | SInv} (You acquired it on level 6 of the Dungeon)
  6654 | D:7      | Noticed Prince Ribbit
  6772 | D:7      | Killed Prince Ribbit
  6956 | D:7      | Reached skill level 10 in Axes
  6962 | D:7      | Reached XP level 10. HP: 52/86 MP: 10/10
  7388 | D:7      | Found a staircase to the Lair.
  7577 | D:7      | Reached skill level 11 in Axes
  7977 | D:8      | Noticed a skeletal warrior
  8000 | D:8      | Killed a skeletal warrior
  8213 | D:8      | Found a sand-covered staircase.
  8217 | Ossuary  | Entered an ossuary
  8545 | D:8      | Reached skill level 12 in Axes
  8567 | D:8      | Found Sedu's Magic Scroll Shop.
  8623 | D:8      | Found Zezetuff's Antique Weapon Emporium.
  8962 | D:8      | Found a glowing golden altar of the Shining One.
  8997 | D:8      | Found Guna Fek's Antique Weapon Shop.
  9363 | D:8      | Found Lifot's Assorted Antiques.
  9430 | D:8      | Reached skill level 14 in Axes
  9430 | D:8      | Reached XP level 11. HP: 69/92 MP: 11/11
  9574 | D:8      | Found Gusyrph's Antique Weapon Emporium.
  9597 | D:8      | Found a shattered altar of Ashenzari.
  9599 | D:8      | Found a radiant altar of Vehumet.
  9636 | D:9      | Noticed a four-headed hydra
  9649 | D:9      | Killed a four-headed hydra
  9650 | D:9      | Reached XP level 12. HP: 31/100 MP: 12/12
 10081 | D:9      | Noticed Nergalle
 10091 | D:9      | Killed Nergalle
 10092 | D:9      | Reached skill level 15 in Axes
 10324 | D:9      | Found a burning altar of Makhleb.
 10622 | D:9      | Identified the +4 fustibalus "Efostash" {flame, -Tele rElec
                  | Str-5 Dex+9} (You acquired it on level 9 of the Dungeon)
 10622 | D:9      | Identified the +2 pair of boots of Tisowifu {+Inv rC-
                  | Stlth+} (You acquired it on level 9 of the Dungeon)
 10622 | D:9      | Identified the ring "Mazeumoraq" {rC+ Int+2 Dex+4} (You
                  | acquired it on level 9 of the Dungeon)
 10748 | D:6      | Bought a runed crystal plate armour for 1992 gold pieces
 10829 | Lair:1   | Entered Level 1 of the Lair of Beasts
 10871 | D:7      | HP: 4/100 [cane toad (13)]
 11091 | D:10     | Entered Level 10 of the Dungeon
 11091 | D:10     | Found Poqeffiu's Weapon Shop.
 11257 | D:10     | Noticed a seven-headed hydra
 11264 | D:10     | Killed an 11-headed hydra
 11536 | D:10     | Noticed a four-headed hydra
 11544 | D:10     | Killed a seven-headed hydra
 11545 | D:10     | Reached skill level 16 in Axes
 11805 | D:10     | Noticed a two-headed ogre
 11813 | D:10     | Killed a two-headed ogre
 11920 | D:10     | Noticed a white very ugly thing
 11929 | D:10     | Annihilated by a white very ugly thing

Skill      XL: |  1  2  3  4  5  6  7  8  9 10 11 12 |
---------------+-------------------------------------+-----
Axes           | 2 3 4 5 6 7 10 14 16 | 16.5
Armour         | 3 4 5 6 |  6.8
Fighting       | 4 5 6 7 |  7.4
Shields        | |  2.6

Action                   |  1- 3 |  4- 6 |  7- 9 | 10-12 || total
-------------------------+-------+-------+-------+-------++-------
Melee: War axe           |    95 |   229 |    44 |       ||   368
       Kick              |    16 |    67 |    79 |   150 ||   312
       Battleaxe         |       |       |   209 |   238 ||   447
       Executioner's axe |       |       |       |   223 ||   223
       Flail             |       |       |       |    10 ||    10
  Use: Scroll            |     1 |     6 |    17 |     6 ||    30
       Potion            |       |     1 |     4 |     3 ||     8
 Stab: Distracted        |       |       |       |     5 ||     5
  Eat: Chunk             |     4 |    17 |     8 |       ||    29
       Ration            |       |       |     3 |     8 ||    11
Armor: Scale mail        |    68 |       |       |       ||    68
       Chain mail        |       |   198 |   220 |    54 ||   472
       Plate armour      |       |       |       |   185 ||   185
       Crystal plate arm |       |       |       |   184 ||   184
Dodge: Dodged            |    63 |    70 |   148 |   155 ||   436
